cohdb
Replays
Latest Replays
All Replays
Popular Replays
Top Player Replays
Match Explorer
How It Works
Community
CoH3 Stats
Reddit
Sign in to upload your games and track your stats! →
Sign in with Steam
Match 45567678
Unlisted
Match 45567678
Overview
Messages
Build Orders
End
Construct Section Command Post
Infantry Section
Infantry Section
Selects Canadian Shock Battlegroup
Vickers Machine Gun Team
Infantry Section
Grenade Package
Construct Platoon Command Post
6-pounder Anti-tank Gun Team
Selects Offensive Resupply
Selects Burnout
Unlock M3 Stuart Light Tanks
6-pounder Anti-tank Gun Team
Angrybirds
CAuMOH
Evelynn
U_U Skidrow uwu BLUE
0
0
Comments
sign in to comment!
No comments posted yet!